 Dungeon Crawl Stone Soup version 0.19-a0-376-gf780d9b (webtiles) character file.

8 ololoev the Firebug (level 2, 5/15 HPs)
             Began as a Deep Elf Fire Elementalist on May 30, 2016.
             Quit the game on level 3 of the Dungeon.
             The game lasted 00:01:14 (220 turns).

ololoev the Firebug (Deep Elf Fire Elementalist)     Turns: 220, Time: 00:01:14

Health: 5/15       AC:  2    Str:  5    XL:     2   Next: 0%
Magic:  0/8        EV: 13    Int: 19    God:
Gold:   6          SH:  0    Dex: 15    Spells: 1 memorised, 6 levels left

rFire  . . .     SeeInvis .     (no weapon)
rCold  . . .     Gourm    .     a - +0 robe
rNeg   . . .     Faith    .     (no shield)
rPois  .         Spirit   .     (no helmet)
rElec  .         Dismiss  .     (no cloak)
rCorr  .         Reflect  .     (no gloves)
SustAt .         Harm     .     (no boots)
MR     .....                    (no amulet)
Stlth  ++........               (no ring)
                                (no ring)

@: quite poisoned (5 -> 2), not resistant to hostile enchantments, unstealthy
A: no striking features
a: no special abilities

Inventory:

Armour
 a - a +0 robe (worn)
Books
 b - a book of Flames

   Spells                             Type                      Level
   a - Flame Tongue                   Conjuration/Fire             1
   b - Throw Flame                    Conjuration/Fire             2
   c - Conjure Flame                  Conjuration/Fire             3
   d - Inner Flame                    Hexes/Fire                   3
   e - Sticky Flame                   Conjuration/Fire             4
   f - Fireball                       Conjuration/Fire             5
Comestibles
 c - a bread ration
 d - 3 fruits


   Skills:
 - Level 2.4 Dodging
 - Level 2.4 Stealth
 + Level 3.1 Spellcasting
 * Level 1.7 Conjurations
 + Level 3.5 Fire Magic


You had 6 spell levels left.
You knew the following spells:

 Your Spells              Type           Power        Failure   Level  Hunger
a - Flame Tongue          Conj/Fire      ##...        8%          1    None


You were on level 3 of the Dungeon.
You were not hungry.

You visited 1 branch of the dungeon, and saw 3 of its levels.

You collected 6 gold pieces.

...# ...( #.)#
..# #.(### ..
###..... ..
....#.# . ... ##
#.g#.#.# !.#..
#.@#=#.#...#.
#.S.S.......
...(...#.####..#
.......#.# ..#
########.####..#
#....<..#
######.## .# .#

Notes
Turn   | Place    | Note
--------------------------------------------------------------
     0 | D:1      | ololoev the Deep Elf Fire Elementalist began the quest for the Orb.
     0 | D:1      | Reached XP level 1. HP: 10/10 MP: 6/6
   148 | D:1      | Found a shattered altar of Ashenzari.
   203 | D:2      | Reached XP level 2. HP: 15/15 MP: 2/8
   220 | D:3      | Quit the game

Dungeon Overview and Level Annotations

Branches:
Dungeon (3/15)

Altars:
Ashenzari


Message History

A giant newt and a dart slug come into view.
Found 7 needles of sleeping, a leather armour and 14 stones.
Found a stone staircase leading down.
There is a stone staircase leading up here.
Casting: Flame Tongue
Confirm with . or Enter, or press ? or * to list all spells.
You can't see any susceptible monsters within range! (Use Z to cast anyway.) Unknown command.
There is a stone staircase leading down here.
Casting: Flame Tongue
Confirm with . or Enter, or press ? or * to list all spells.
Aiming: Flame Tongue
Press: ? - help, Shift-Dir - straight line, f - dart slug
Aim: a dart slug (clinging, resting)
The flame tongue hits the dart slug.
The dart slug is almost dead.
Casting: Flame Tongue
Confirm with . or Enter, or press ? or * to list all spells.
Aiming: Flame Tongue
Press: ? - help, Shift-Dir - straight line, f/p - dart slug
Aim: a dart slug (almost dead, clinging)
The flame tongue hits the dart slug.
You kill the dart slug!
You see here 14 stones.
Casting: Flame Tongue
Confirm with . or Enter, or press ? or * to list all spells.
Aiming: Flame Tongue
Press: ? - help, Shift-Dir - straight line, f - giant newt
Aim: a giant newt (resting)
The flame tongue hits the giant newt.
You kill the giant newt!
You have reached level 2!
There is a stone staircase leading down here.
You climb downwards.
An adder and a jackal come into view.
Found an orange potion.
There is a stone staircase leading up here.
Found a small iron ring.
Casting: Flame Tongue
Confirm with . or Enter, or press ? or * to list all spells.
Aiming: Flame Tongue
Press: ? - help, Shift-Dir - straight line, f - adder
Aim: an adder The flame tongue hits the adder.
The adder appears unharmed.
Casting: Flame Tongue
Confirm with . or Enter, or press ? or * to list all spells.
Aiming: Flame Tongue
Press: ? - help, Shift-Dir - straight line, f/p - adder
Aim: an adder The flame tongue hits the adder.
The adder is lightly wounded.
Casting: Flame Tongue
Confirm with . or Enter, or press ? or * to list all spells.
Aiming: Flame Tongue
Press: ? - help, Shift-Dir - straight line, f/p - adder
Aim: an adder (lightly wounded)
The flame tongue hits the adder.
The adder is almost dead.
The adder bites you. The adder closely misses you.
Casting: Flame Tongue
Confirm with . or Enter, or press ? or * to list all spells.
Aiming: Flame Tongue
Press: ? - help, Shift-Dir - straight line, f/p - adder
Aim: an adder (almost dead)
The flame tongue misses the adder.
The adder bites you.
You are poisoned.
The adder poisons you!
Casting: Flame Tongue
Confirm with . or Enter, or press ? or * to list all spells.
You don't have enough magic to cast that spell.
An adder comes into view.
You feel sick.
A kobold comes into view. It is wielding a dagger.
You feel sick. The adder barely misses you.
A hobgoblin comes into view. It is wielding a club.
The hobgoblin shouts!
Found 24 bolts, 21 stones and a glowing mace.
You feel sick.
Found 14 stones.
Are you sure you want to abandon this character and quit the game? (Confirm with "yes".)

You could see 2 adders and a hobgoblin.

Vanquished Creatures
  A dart slug (D:2)
  2 goblins (D:1)
  A kobold (D:1)
  A giant newt (D:2)
  A rat (D:1)
6 creatures vanquished.

Action                   || total
-------------------------++-------
 Cast: Flame Tongue      ||    21
Dodge: Dodged            ||     4

Vault maps used:
D:1:      scummos_arrival_checkerplants, evilmike_ruin_ashenzari
D:2:      first_bread, minmay_tree_intersection, uniq_iyjb
D:3:      lemuel_doored_altar, minmay_liquid_box, lemuel_statue_altar
